 Dungeon Crawl Stone Soup version 0.20.1-1-g8b1a95d (webtiles) character file.

7791 vatarom the Summoner (level 11, -5/58 HPs)
             Began as a Demonspawn Summoner on Oct 5, 2017.
             Was a Follower of Ashenzari.
             Slain by a manticore (16 damage)
             ... on level 11 of the Dungeon.
             The game lasted 00:26:46 (11709 turns).

vatarom the Summoner (Demonspawn Summoner)         Turns: 11709, Time: 00:26:46

Health: -5/58      AC:  8    Str: 10    XL:     11   Next: 1%
Magic:  0/20       EV: 13    Int: 19    God:    Ashenzari [*.....]
Gold:   521        SH:  0    Dex: 13    Spells: 8/22 levels left

rFire    + . .     SeeInvis .   d - +0 halberd (curse)
rCold    + . .     Gourm    .   (shield currently unavailable)
rNeg     . . .     Faith    .   l - +0 leather armour
rPois    +         Spirit   +   (helmet restricted)
rElec    .         Reflect  .   (no cloak)
rCorr    .         Harm     .   a - +2 pair of gloves (curse)
MR       .....                  (no boots)
Stlth    ++........             v - amulet of magic regeneration (curse)
Regen    0.2/turn               f - ring of poison resistance (curse)
MPRegen  0.5/turn               n - +4 ring of slaying (curse)

@: about to teleport, barbed spikes
A: claws 2, horns 2, thin metallic scales 2, clever 1, cold resistance 1,
deformed body, fire resistance 1, frail 3, foul stench 1, screaming 1, weak 1,
magic shield, magic regeneration, rot immunity
a: Curse Item, Scrying, Renounce Religion


You were on level 11 of the Dungeon.
You worshipped Ashenzari.
Ashenzari was aware of your devotion.
You were not hungry.

You visited 2 branches of the dungeon, and saw 14 of its levels.

You collected 521 gold pieces.

Inventory:

Hand Weapons
 d - a cursed +0 halberd (weapon)
Armour
 a - a cursed +2 pair of gloves (worn)
 l - a +0 leather armour (worn)
Jewellery
 f - a cursed ring of poison resistance (left hand)
 n - a cursed +4 ring of slaying (right hand)
 o - a +2 ring of protection
 v - a cursed amulet of magic regeneration (around neck)
 A - an uncursed amulet of harm
Wands
 g - a wand of lightning (4/15)
 k - a wand of confusion (26/48)
 m - a wand of paralysis (17/24)
 p - a wand of random effects (14/48)
 u - a wand of polymorph (8/24)
 y - a wand of confusion (8/48)
Scrolls
 e - 2 scrolls of remove curse
 i - 2 scrolls of identify
 j - 5 scrolls of teleportation
 t - a scroll of amnesia
 x - 3 scrolls of vulnerability
Potions
 r - a potion of agility
 w - 3 potions of flight
 z - a potion of brilliance
Books
 b - a book of Callings

   Spells                             Type                      Level
   a - Summon Small Mammal            Summoning                    1
   b - Call Imp                       Summoning                    2
   c - Call Canine Familiar           Summoning                    3
   d - Summon Guardian Golem          Hexes/Summoning              3
   e - Summon Lightning Spire         Summoning/Air                4
   f - Summon Ice Beast               Ice/Summoning                4
Miscellaneous
 B - a phial of floods (inert)
Comestibles
 c - 5 bread rations
 h - 6 meat rations
 q - 4 fruits
 s - 2 royal jellies


   Skills:
 + Level 7.0 Fighting
 + Level 5.5 Polearms
 * Level 4.6 Armour
 * Level 4.6 Dodging
 - Level 1.7 Stealth
 + Level 6.1 Spellcasting
 + Level 9.4 Summonings
 - Level 3.3 Ice Magic
 - Level 4.1 Air Magic


You had 8 spell levels left.
You knew the following spells:

 Your Spells              Type           Power        Failure   Level  Hunger
a - Summon Small Mammal   Summ           ####         1%          1    None
b - Call Imp              Summ           #####...     1%          2    None
c - Call Canine Familiar  Summ           #####...     1%          3    ##.....
d - Summon Ice Beast      Ice/Summ       ####....     11%         4    ####...
e - Summon Lightning Spi  Summ/Air       ####....     9%          4    ####...


Dungeon Overview and Level Annotations

Branches:
Dungeon (13/15)            Temple (1/1) D:6            Lair (0/6) D:9
    Orc: D:9-12      Vaults: D:13-14

Altars:
Ashenzari
Cheibriados
Dithmenos
Elyvilon
Fedhas
Gozag
Hepliaklqana
Kikubaaqudgha
Makhleb
Nemelex Xobeh
Okawaru
Qazlal
Ru
Sif Muna
Trog
Uskayaw
Vehumet
Xom
Yredelemnul
Zin
The Shining One

Shops:
D:8 :   D:9 }

Annotations:
D:10 Joseph


Innate Abilities, Weirdness & Mutations

You have very sharp fingernails.
You are mostly covered in thin metallic scales. (AC +3)
You may emit foul miasma when damaged in melee.
When hurt, damage is shared between your health and your magic reserves.
You regenerate magic rapidly.
You are immune to rotting.
You have a pair of horns on your head.
Your mind is acute. (Int +2)
Your flesh is cold resistant. (rC+)
Armour fits poorly on your strangely shaped body.
Your flesh is heat resistant. (rF+)
You are extremely frail. (-30% HP)
You occasionally shout uncontrollably at your foes.
You are weak. (Str -2)


Message History

Your ice beast dies!
The manticore flicks its tail.
The volley of spikes hits you!
The barbed spikes become lodged in your body.
You hear some strange, mumbled words.
Something tries to affect you, but you resist.
You feel much better. Something hits you but does no damage.
Casting: Summon Lightning Spire
Confirm with . or Enter, or press ? or * to list all spells.
Okay, then.
You puncture the manticore!
The manticore is heavily wounded.
The manticore bites you!
The manticore looks sick.
The manticore claws you. The manticore closely misses you.
The orc warrior hits you with an enchanted battleaxe!
* * * LOW HITPOINT WARNING * * *
Something hits you but does no damage.
As you read the scroll of teleportation, it crumbles to dust.
You feel strangely unstable. The manticore bites you!
You die...

#....oo......#
#.....#####..#####..
...........#.>.#.........
...........#...#.#######.
####+###...#...'.#
#...#...#.# #...#...#.#
#...#.$o{o# #...#...#@#
#####.H.).... ..)...###
.......# ........#
.........# ..........#
#..........#


You could see a manticore, an orc warrior and an orc.

Vanquished Creatures
  A two-headed ogre (D:8)
  A manticore (D:11)
  A cyclops (D:11)
  A centaur simulacrum (D:13)
  5 yaks (D:9)
  A wyvern (D:10)
  A hungry ghost (D:13)
  A soldier ant (D:12)
  An ice beast (D:7)
  3 orc warriors
  A sky beast (D:6)
  3 phantoms
  4 ogres
  2 centaurs
  A big kobold (D:7)
  A scorpion (D:9)
  A water moccasin skeleton (D:6)
  A killer bee (D:7)
  2 vampire bats (D:3)
  6 crimson imps
  2 bullfrog zombies
  A bullfrog skeleton (D:8)
  2 jellies
  3 centaur skeletons
  5 hounds
  2 orc priests (D:6)
  Terence (D:2)
  5 iguanas
  3 orc wizards
  7 worker ants
  A hound skeleton (D:11)
  6 gnolls
  A howler monkey skeleton (D:6)
  7 adders
  A shadow imp (D:5)
  An adder zombie (D:7)
  3 adder skeletons
  3 worms
  5 dart slugs
  3 leopard geckos
  17 orcs
  3 ball pythons
  13 bats
  3 giant cockroaches
  12 goblins
  9 hobgoblins
  7 jackals
  12 kobolds
  4 quokkas
  4 frilled lizards
  A giant cockroach zombie (D:5)
  2 leopard gecko skeletons
  8 rats
195 creatures vanquished.

Vanquished Creatures (collateral kills)
  2 two-headed ogres (D:11)
  Sonja (D:10)
  A deep elf mage (D:13)
  The ghost of Exporg the Poker, a novice MiFi of Qazlal (D:6)
  A hippogriff (D:8)
  2 yaks (D:9)
  An orc warrior (D:9)
  2 ice beasts (D:7)
  3 sky beasts
  A phantom (D:4)
  2 black bears
  3 ogres
  A scorpion (D:7)
  3 killer bees (D:7)
  4 wights (D:13)
  2 jellies
  3 orc wizards
  3 orc priests
  5 iguanas
  A worker ant (D:12)
  A gnoll (D:1)
  8 adders
  2 oozes
  2 orcs
  2 giant cockroaches
  A goblin (D:1)
  A hobgoblin (D:1)
  3 jackals
  A frilled lizard (D:2)
  A rat (D:2)
64 creatures vanquished.

Grand Total: 259 creatures vanquished

Notes
Turn   | Place    | Note
-------+----------+-------------------------------------------
     0 | D:1      | vatarom the Demonspawn Summoner began the quest for the Orb.
     0 | D:1      | Reached XP level 1. HP: 13/13 MP: 3/3
    63 | D:1      | Reached skill level 1 in Fighting
   213 | D:1      | Gained mutation: When hurt, damage is shared between your health and your magic reserves. [demonic ancestry]
   213 | D:1      | Reached XP level 2. HP: 21/21 MP: 3/5
   361 | D:1      | Learned a level 2 spell: Call Imp
   543 | D:1      | Reached skill level 1 in Polearms
   543 | D:1      | Gained mutation: You are immune to rotting. [demonic ancestry]
   543 | D:1      | Reached XP level 3. HP: 14/26 MP: 2/6
   729 | D:1      | Learned a level 3 spell: Call Canine Familiar
  1341 | D:2      | Found a hide-covered altar of Uskayaw.
  1520 | D:2      | Found a sacrificial altar of Ru.
  1603 | D:2      | Noticed Terence
  1611 | D:2      | Killed Terence
  1611 | D:2      | Reached XP level 4. HP: 32/33 MP: 1/7
  2481 | D:3      | Reached skill level 5 in Summonings
  2523 | D:3      | Gained mutation: You regenerate magic rapidly. [demonic ancestry]
  2523 | D:3      | Reached XP level 5. HP: 39/39 MP: 8/8
  2604 | D:3      | Found a snail-covered altar of Cheibriados.
  3022 | D:4      | Gained mutation: You are partially covered in thin metallic scales. (AC +2) [demonic ancestry]
  3022 | D:4      | Reached XP level 6. HP: 44/47 MP: 10/10
  3467 | D:4      | Found a hazy altar of Hepliaklqana.
  3544 | D:4      | Gained mutation: You are mostly covered in thin metallic scales. (AC +3) [demonic ancestry]
  3544 | D:4      | Reached XP level 7. HP: 54/54 MP: 11/11
  3713 | D:5      | Entered Level 5 of the Dungeon
  3873 | D:4      | Reached skill level 6 in Summonings
  3882 | D:5      | Learned a level 4 spell: Summon Ice Beast
  3909 | D:5      | Gained mutation: Your flesh is heat resistant. (rF+) [mutagenic meat]
  3910 | D:5      | Gained mutation: You are frail. (-10% HP) [mutagenic meat]
  3921 | D:5      | Reached skill level 1 in Ice Magic
  4205 | D:5      | Found a sparkling altar of Nemelex Xobeh.
  4302 | D:5      | Found a bloodstained altar of Trog.
  5064 | D:6      | Gained mutation: You have sharp fingernails. [demonic ancestry]
  5064 | D:6      | Reached XP level 8. HP: 53/54 MP: 13/13
  5084 | D:6      | Learned a level 4 spell: Summon Lightning Spire
  5183 | D:6      | Found a shadowy altar of Dithmenos.
  5242 | D:6      | Noticed Exporg's ghost (novice MiFi)
  5276 | D:6      | Killed Exporg's ghost
  5276 | D:6      | Reached skill level 7 in Summonings
  5621 | D:6      | Found a staircase to the Ecumenical Temple.
  5637 | Temple   | Entered the Ecumenical Temple
  5863 | D:6      | Reached skill level 5 in Fighting
  5867 | D:6      | Gained mutation: You occasionally shout uncontrollably at your foes. [mutagenic meat]
  5868 | D:6      | Gained mutation: You have a pair of small horns on your head. [mutagenic meat]
  5869 | D:6      | Gained mutation: Armour fits poorly on your strangely shaped body. [mutagenic meat]
  5870 | D:6      | Gained mutation: Your mind is acute. (Int +2) [mutagenic meat]
  5871 | D:6      | Gained mutation: You are weak. (Str -2) [mutagenic meat]
  6460 | D:7      | Reached skill level 1 in Air Magic
  6986 | D:7      | Reached XP level 9. HP: 61/61 MP: 12/15
  7040 | D:7      | Found a burning altar of Makhleb.
  7040 | D:7      | Found a glowing silver altar of Zin.
  7042 | D:7      | Noticed an angel
  7042 | D:7      | Noticed an Executioner
  7100 | D:7      | Reached skill level 8 in Summonings
  7417 | D:7      | Found a shattered altar of Ashenzari.
  7425 | D:7      | Became a worshipper of Ashenzari the Shackled
  7433 | D:7      | Found a basalt altar of Yredelemnul.
  7437 | D:7      | Found an iron altar of Okawaru.
  7669 | D:8      | Noticed a two-headed ogre
  8574 | D:8      | Found an ancient bone altar of Kikubaaqudgha.
  8650 | D:8      | Reached skill level 5 in Spellcasting
  8727 | D:8      | Killed a two-headed ogre
  8727 | D:8      | Reached skill level 9 in Summonings
  9072 | D:8      | Found Uxaoclog's Book Boutique.
  9214 | D:9      | Found Parphy's Gadget Emporium.
  9388 | D:9      | Reached skill level 1 in Armour
  9685 | D:9      | Gained mutation: You have very sharp fingernails. [demonic ancestry]
  9685 | D:9      | Reached XP level 10. HP: 62/68 MP: 16/18
  9686 | D:9      | Reached * piety under Ashenzari
 10133 | D:9      | Found a sparkling altar of Nemelex Xobeh.
 10276 | D:9      | Found a staircase to the Lair.
 10313 | D:9      | Gained mutation: You are very frail. (-20% HP) [mutagenic meat]
 10314 | D:9      | Gained mutation: Your flesh is cold resistant. (rC+) [mutagenic meat]
 10315 | D:9      | Gained mutation: You have a pair of horns on your head. [mutagenic meat]
 10316 | D:9      | Gained mutation: You are extremely frail. (-30% HP) [mutagenic meat]
 10461 | D:10     | Entered Level 10 of the Dungeon
 10482 | D:10     | Reached skill level 5 in Polearms
 10484 | D:10     | Noticed Sonja
 10486 | D:10     | Killed Sonja
 10688 | D:10     | Noticed Joseph
 10697 | D:10     | HP: 2/53 [Joseph/sling bullet (6)]
 10704 | D:10     | You fall through a shaft for 3 floors!
 11143 | D:13     | Noticed a deep elf mage
 11151 | D:13     | Killed a deep elf mage
 11512 | D:11     | Noticed a manticore
 11519 | D:11     | Killed a manticore
 11613 | D:11     | Noticed a two-headed ogre
 11617 | D:11     | Noticed a two-headed ogre
 11621 | D:11     | Noticed a cyclops
 11630 | D:11     | Killed a two-headed ogre
 11635 | D:11     | Killed a two-headed ogre
 11672 | D:11     | Killed a cyclops
 11672 | D:11     | Gained mutation: You may emit foul miasma when damaged in melee. [demonic ancestry]
 11672 | D:11     | Reached XP level 11. HP: 44/58 MP: 5/20
 11709 | D:11     | Slain by a manticore

Skill      XL: |  1  2  3  4  5  6  7  8  9 10 |
---------------+-------------------------------+-----
Fighting       | 1 2 3 4 5 6 7 |  7.0
Polearms       | 1 2 3 4 5 |  5.5
Summonings     | 5 6 7 9 |  9.4
Spellcasting   | 3 4 5 6 |  6.1
Ice Magic      | 2 3 |  3.3
Air Magic      | 1 4 |  4.1
Dodging        | 2 4 |  4.6
Armour         | 1 4 |  4.6
Stealth        | |  1.7

Action                   |  1- 3 |  4- 6 |  7- 9 | 10-12 || total
-------------------------+-------+-------+-------+-------++-------
Melee: Halberd           |   132 |   182 |   382 |   120 ||   816
       Headbutt          |       |       |    33 |    16 ||    49
 Cast: Summon Small Mamm |     8 |       |       |       ||     8
       Call Imp          |     5 |     2 |       |       ||     7
       Call Canine Famil |     3 |     6 |    19 |     9 ||    37
       Summon Ice Beast  |       |       |    14 |    16 ||    30
       Summon Lightning  |       |       |     1 |    11 ||    12
Invok: Curse Item        |       |       |     4 |     1 ||     5
Evoke: Wand              |       |       |     4 |     1 ||     5
       Phial of floods   |       |       |       |     1 ||     1
  Use: Scroll            |     3 |     9 |     6 |     1 ||    19
       Potion            |       |     7 |     7 |     4 ||    18
 Stab: Sleeping          |     5 |     9 |     6 |     1 ||    21
       Invisible         |       |     2 |       |       ||     2
       Distracted        |       |     1 |     2 |       ||     3
       Paralysed         |       |       |     7 |       ||     7
  Eat: Chunk             |     3 |     7 |    22 |    13 ||    45
       Fruit             |       |     1 |     1 |       ||     2
       Bread ration      |       |       |     2 |     3 ||     5
Armor: Robe              |    44 |       |       |       ||    44
       Leather armour    |    11 |    91 |   105 |    40 ||   247
Dodge: Dodged            |   119 |   114 |   218 |   109 ||   560
